 Dungeon Crawl Stone Soup version 0.19.5 (webtiles) character file.

36477 Shoikan the Warrior (level 13, -11/126 HPs)
             Began as a Minotaur Berserker on Mar 13, 2017.
             Was a High Priest of Trog.
             Mangled by a wyvern (31 damage)
             ... on level 5 of the Lair of Beasts on Mar 14, 2017.
             The game lasted 02:50:06 (18012 turns).

Shoikan the Warrior (Minotaur Berserker)           Turns: 18012, Time: 02:50:06

Health: -11/126    AC: 31    Str: 24    XL:     13   Next: 53%
Magic:  15/15      EV: 11    Int:  4    God:    Trog [*****.]
Gold:   477        SH:  0    Dex: 13    Spells: 0 memorised, 12 levels left

rFire  . . .     SeeInvis +     t - +5 dire flail (crush)
rCold  . . .     Gourm    +     P - +10 plate armour {ponderous}
rNeg   . . .     Faith    .     (shield currently unavailable)
rPois  +         Spirit   .     (helmet restricted)
rElec  +         Reflect  .     x - +0 cloak
rCorr  .         Harm     .     O - +0 pair of gloves
MR     +....                    (no boots)
Stlth  ..........               w - amulet "Ineil" {Gourm Fragile rElec MR+}
                                W - ring of see invisible
                                r - ring of poison resistance

@: very slightly contaminated, slow
A: retaliatory headbutt, hooves 1, horns 2, shaggy fur 1
a: Berserk, Trog's Hand, Brothers in Arms, Burn Spellbooks, Renounce Religion


You were on level 5 of the Lair of Beasts.
You worshipped Trog.
Trog was extremely pleased with you.
You were completely stuffed.

You visited 3 branches of the dungeon, and saw 16 of its levels.

You collected 1049 gold pieces.
You spent 572 gold pieces at shops.

Inventory:

Hand Weapons
 a - a +7 dire flail of protection
 t - a +5 dire flail of crushing (weapon)
 J - a +2 whip of freezing
Armour
 x - a +0 cloak (worn)
 O - a +0 pair of gloves (worn)
 P - a +10 plate armour of ponderousness (worn)
Jewellery
 q - a +4 ring of protection
 r - a ring of poison resistance (left hand)
 w - the amulet "Ineil" (around neck) {Gourm Fragile rElec MR+}
   (You bought it in a shop on level 4 of the Dungeon)

   [amulet of the gourmand]

   It allows you to eat raw meat even when not hungry.
   It insulates you from electricity.
   It affects your resistance to hostile enchantments.
   It will be destroyed if unequipped.
 K - an uncursed ring of flight
 W - a ring of see invisible (right hand)
Wands
 i - a wand of polymorph (12/24)
 y - a wand of iceblast (6/15)
 z - a wand of confusion (35/48)
 A - a wand of paralysis (12/24)
 M - a wand of digging (15/24)
 N - a wand of hasting (5/9)
 U - a wand of disintegration (4/24)
Scrolls
 b - a scroll of magic mapping {unknown}
 e - 7 scrolls of remove curse
 f - a scroll of fear {unknown}
 h - 3 scrolls of amnesia {unknown}
 j - a scroll of random uselessness {unknown}
 u - 4 scrolls of teleportation
 D - 2 scrolls of silence {unknown}
 F - 2 scrolls of enchant weapon
 V - a scroll of vulnerability {unknown}
 X - a scroll of blinking
 Y - a scroll of acquirement {unknown}
Potions
 d - a potion of invisibility
 k - 3 potions of might {unknown}
 l - a potion of haste
 m - a potion of berserk rage {unknown}
 o - a potion of mutation {unknown}
 p - 4 potions of curing
 s - a potion of ambrosia {unknown}
 E - a potion of agility {unknown}
 I - a potion of magic {unknown}
 L - a potion of degeneration {unknown}
 S - 4 potions of heal wounds
Comestibles
 c - 16 bread rations
 g - 9 meat rations
 n - a chunk of flesh
 B - 6 slices of pizza
 C - 8 beef jerkies


   Skills:
 * Level 15.0 Fighting
 - Level 14.8 Maces & Flails
 * Level 14.7 Armour
 * Level 7.7 Dodging
 - Level 0.6 Stealth
 * Level 4.6 Evocations


You had 12 spell levels left.
You didn't know any spells.

Dungeon Overview and Level Annotations

Branches:
Dungeon (10/15)            Temple (1/1) D:6            Lair (5/6) D:10
  Swamp (0/4) Lair:2        Snake (0/4) Lair:2
  Slime: Lair:5-6       Orc: D:9-12

Altars:
Ashenzari
Cheibriados
Dithmenos
Elyvilon
Fedhas
Gozag
Hepliaklqana
Kikubaaqudgha
Makhleb
Nemelex Xobeh
Okawaru
Qazlal
Ru
Sif Muna
Trog
Uskayaw
Vehumet
Xom
Yredelemnul
Zin
The Shining One

Shops:
D:4 =


Innate Abilities, Weirdness & Mutations

You reflexively headbutt those who attack you in melee.
You have a pair of horns on your head.
You have large cloven feet.
You are covered in fur. (AC +1)


Message History

You fall asleep.
The wyvern closely misses you.
Some of the chunks of flesh in your inventory have rotted away.
The dream sheep closely misses you. The wyvern bites you!!!
You wake up.
* * * LOW HITPOINT WARNING * * *
Blink to where?
Press: ? - help, Dir - move target cursor You are very lightly contaminated with residual magic.
As you read the scroll of blinking, it crumbles to dust.
The dream sheep shake their wool and sparkle.
You feel drowsy...
You fall asleep.
The wyvern barely misses you. The wyvern closely misses you.
The wyvern bites you.
You wake up.
* * * LOW HITPOINT WARNING * * *
The wyvern bites you but does no damage.
The wyvern barely misses you. You furiously retaliate!
You headbutt the wyvern!
The dream sheep ruffle their wool and motes of dream dust sparkle, to no effect.
The dream sheep shake their wool and sparkle.
You feel drowsy...
You fall asleep.
The wyvern bites you!!
You wake up.
You die...

...........Y................
............................
...........YYY..............
............##....#.........
...............#..#........
.###....#.PY.#.......#.
#.....#...t.......#.
##...###..l.........
##...#.##@........#
#..#.#.#..#.....#.
#....#.P...P.....#
##........<........
##..................
....................
#P..P.P.####...####P
######### #.### ###


You could see a crocodile, a wyvern and 3 dream sheep.

Vanquished Creatures
  4 hydras
  A centaur warrior (D:7)
  6 death yaks (Lair:4)
  An unseen horror (D:7)
  2 hill giants (D:7)
  A lindwurm (Lair:4)
  The ghost of MirrMurr the Grappler, a novice TrMo of Okawaru (D:6)
  An ugly thing (D:7)
  The ghost of equalderp2856 the Gouger, a novice FeFi (D:8)
  A manticore (D:7)
  2 black mambas
  7 elephants
  A gargoyle (D:10)
  8 spiny frogs
  A torpor snail (Lair:4)
  2 rime drakes
  3 komodo dragons
  A hornet (D:7)
  A troll (D:10)
  A two-headed ogre (D:9)
  13 blink frogs
  12 dream sheep (Lair:4)
  8 hippogriffs
  2 wyverns
  15 yaks
  2 basilisks (Lair:4)
  A steam dragon (Lair:2)
  2 hungry ghosts (D:7)
  3 nagas (Lair:2)
  3 water moccasins
  7 porcupines
  8 orc warriors
  6 ice beasts
  5 ogres
  2 phantoms (D:9)
  5 wolves (Lair:3)
  6 centaurs
  A big kobold (D:7)
  6 crocodiles
  11 bullfrogs
  Blork the orc (D:5)
  8 scorpions
  4 killer bees (D:10)
  5 wights (D:9)
  3 howler monkeys (D:7)
  4 crimson imps
  2 bullfrog zombies
  2 quasits
  A bullfrog skeleton (D:4)
  2 centaur zombies
  9 hounds
  6 orc priests
  6 jellies
  15 orc wizards
  A gnoll shaman (D:4)
  3 centaur skeletons
  2 iguanas
  10 worker ants
  2 hound zombies (D:7)
  A hound skeleton (D:9)
  2 worker ant zombies
  11 gnolls
  14 adders
  3 shadow imps
  2 oozes
  An adder zombie (D:5)
  3 worms (D:3)
  A dart slug (D:1)
  An adder simulacrum (D:7)
  8 leopard geckos
  53 orcs
  6 bats
  8 giant cockroaches
  7 goblins
  9 hobgoblins
  8 jackals
  8 kobolds
  3 quokkas
  A ball python (D:1)
  5 frilled lizards
  A jackal zombie (D:8)
  A quokka simulacrum (D:7)
  A quokka skeleton (D:6)
  A quokka zombie (D:4)
  12 rats
  3 bushes (Lair:4)
  6 fungi (Lair:4)
  16 plants
446 creatures vanquished.

Vanquished Creatures (others)
  A hydra (D:7)
  An orc (D:7)
  2 fungi (Lair:4)
  A plant (Lair:2)
5 creatures vanquished.

Grand Total: 451 creatures vanquished

Notes
Turn   | Place    | Note
-------+----------+-------------------------------------------
     0 | D:1      | Shoikan the Minotaur Berserker began the quest for the Orb.
     0 | D:1      | Reached XP level 1. HP: 19/19 MP: 0/0
    82 | D:1      | Reached XP level 2. HP: 25/27 MP: 1/1
   123 | D:1      | Reached skill level 4 in Fighting
   379 | D:1      | Reached ** piety under Trog
   553 | D:1      | Reached XP level 3. HP: 33/33 MP: 2/2
  1595 | D:2      | Reached XP level 4. HP: 41/41 MP: 3/3
  1712 | D:3      | Reached skill level 5 in Maces & Flails
  2330 | D:3      | Reached *** piety under Trog
  2459 | D:3      | Reached XP level 5. HP: 39/47 MP: 4/4
  2707 | D:3      | Found an ancient bone altar of Kikubaaqudgha.
  2707 | D:3      | Found a shadowy altar of Dithmenos.
  2708 | D:3      | Found a white marble altar of Elyvilon.
  2744 | D:4      | Noticed an ogre
  2749 | D:4      | Killed an ogre
  2749 | D:4      | Reached XP level 6. HP: 47/55 MP: 5/5
  2980 | D:4      | Reached skill level 5 in Fighting
  3125 | D:4      | Found Ofrejef's Jewellery Shoppe.
  3719 | D:4      | Reached XP level 7. HP: 61/61 MP: 6/6
  3793 | D:5      | Entered Level 5 of the Dungeon
  3884 | D:5      | Reached skill level 5 in Armour
  4331 | D:5      | Reached skill level 6 in Fighting
  4355 | D:5      | Reached XP level 8. HP: 61/70 MP: 7/7
  4358 | D:5      | Reached **** piety under Trog
  4373 | D:5      | Gained mutation: You are covered in fur. (AC +1) [potion of beneficial mutation]
  4421 | D:5      | Gained mutation: You have large cloven feet. [potion of beneficial mutation]
  4564 | D:5      | Noticed Blork the orc
  4570 | D:5      | Killed Blork the orc
  4945 | D:5      | Noticed a hippogriff
  4963 | D:5      | Killed a hippogriff
  5028 | D:6      | Reached skill level 7 in Fighting
  5314 | D:6      | Noticed MirrMurr's ghost (novice TrMo)
  5338 | D:6      | Killed MirrMurr's ghost
  5338 | D:6      | Reached skill level 10 in Maces & Flails
  5338 | D:6      | Reached XP level 9. HP: 34/79 MP: 8/8
  5712 | D:6      | Found a staircase to the Ecumenical Temple.
  5811 | Temple   | Entered the Ecumenical Temple
  6556 | D:7      | Found an opulent altar of Gozag.
  6565 | D:7      | Reached skill level 8 in Fighting
  6698 | D:7      | Reached ***** piety under Trog
  6866 | D:7      | Reached skill level 5 in Dodging
  6980 | D:7      | Identified the Volume of the Glacier
  7379 | D:7      | Found a sacrificial altar of Ru.
  7460 | D:7      | Reached XP level 10. HP: 84/90 MP: 9/9
  7501 | D:7      | Received a gift from Trog
  7736 | D:7      | Reached skill level 9 in Fighting
  7812 | D:7      | Noticed a centaur warrior
  7815 | D:7      | Noticed a white ugly thing
  7816 | D:7      | Noticed a seven-headed hydra
  7841 | D:7      | Killed a centaur warrior
  7849 | D:7      | Killed a white ugly thing
  7854 | D:7      | Killed a seven-headed hydra
  8370 | D:7      | Noticed a hill giant
  8384 | D:7      | Killed a hill giant
  8384 | D:7      | Reached skill level 10 in Armour
  8503 | D:7      | Killed an unseen horror
  8503 | D:7      | Reached XP level 11. HP: 89/99 MP: 10/10
  8573 | D:7      | Reached skill level 10 in Fighting
  8607 | D:7      | Noticed a hill giant
  8618 | D:7      | Killed a hill giant
  8910 | D:8      | Noticed equalderp2856's ghost (novice FeFi)
  9113 | D:8      | Killed equalderp2856's ghost
  9627 | D:8      | Found a deep blue altar of Sif Muna.
  9628 | D:8      | Found a shattered altar of Ashenzari.
  9671 | D:8      | Received a gift from Trog
 10241 | D:9      | Found a stormy altar of Qazlal.
 10286 | D:9      | Reached skill level 1 in Evocations
 11282 | D:10     | Entered Level 10 of the Dungeon
 11697 | D:4      | Bought the amulet "Ineil" {Gourm Fragile rElec MR+} for 572 gold pieces
 12256 | D:10     | Found a staircase to the Lair.
 12385 | Lair:1   | Entered Level 1 of the Lair of Beasts
 12392 | Lair:1   | Reached skill level 11 in Fighting
 12585 | Lair:1   | Noticed a four-headed hydra
 12594 | Lair:1   | Killed a four-headed hydra
 12802 | Lair:1   | Noticed a five-headed hydra
 12818 | Lair:1   | Killed a five-headed hydra
 12818 | Lair:1   | Reached XP level 12. HP: 88/110 MP: 12/12
 13420 | Lair:2   | Found a staircase to the Swamp.
 13533 | Lair:2   | Received a gift from Trog
 13533 | Lair:2   | Reached skill level 12 in Fighting
 13930 | Lair:2   | Found a staircase to the Snake Pit.
 14295 | Lair:3   | Noticed a four-headed hydra
 14303 | Lair:3   | Killed a four-headed hydra
 14419 | Lair:3   | Reached skill level 13 in Fighting
 15471 | Lair:4   | Reached XP level 13. HP: 97/123 MP: 14/14
 16038 | Lair:4   | Reached skill level 14 in Fighting
 16095 | Lair:4   | Received a gift from Trog
 17951 | Lair:5   | Reached skill level 15 in Fighting
 18012 | Lair:5   | Mangled by a wyvern

Skill      XL: |  1  2  3  4  5  6  7  8  9 10 11 12 13 |
---------------+----------------------------------------+-----
Maces & Flails | 4 5 6 7 8 10 12 14 | 14.8
Fighting       | 4 5 6 7 8 9 11 13 15 | 15.0
Armour         | 3 4 5 7 8 10 12 13 14 | 14.7
Dodging        | 3 4 5 6 7 |  7.7
Evocations     | 2 3 4 |  4.6
Stealth        | |  0.6

Action                   |  1- 3 |  4- 6 |  7- 9 | 10-12 | 13-15 || total
-------------------------+-------+-------+-------+-------+-------++-------
Melee: Mace              |    80 |    42 |       |       |       ||   122
       Headbutt          |     9 |    20 |    51 |   152 |    89 ||   321
       Morningstar       |       |    58 |   271 |   292 |       ||   621
       Kick              |       |       |    60 |   216 |   120 ||   396
       Dire flail        |       |       |       |   360 |   234 ||   594
Invok: Burn Spellbooks   |     1 |       |     1 |     6 |       ||     8
       Berserk           |       |     1 |     4 |     1 |       ||     6
Evoke: Wand              |       |       |       |       |     1 ||     1
  Use: Scroll            |     1 |       |    10 |    16 |     2 ||    29
       Potion            |       |       |     2 |     4 |     1 ||     7
  Eat: Chunk             |     7 |    17 |    16 |    43 |     8 ||    91
       Bread ration      |       |       |       |     1 |       ||     1
Armor: Leather armour    |     3 |       |       |       |       ||     3
       Ring mail         |    28 |    25 |       |       |       ||    53
       Scale mail        |       |    15 |   126 |       |       ||   141
       Plate armour      |       |       |     8 |   420 |    66 ||   494
Dodge: Dodged            |    60 |    95 |   176 |   251 |    61 ||   643
